NCAA
OHIO STATE BUCKEYES @ SOUTH CAROLINA GAMECOCKS
05/14/2025
 
TOP OF THE 1ST
Ohio State Buckeyes batting - Pitching for South Carolina Gamecocks : RHP Joseph Salinas
Pitching: RHP Joseph Salinas
Batting: LHB Joel Nelson 0-0: Called Strike
0-1: Foul Ball, location: 2F
0-2: Ground out 4-3 (Groundball, 13)
Batting: RHB Dan Rivera 0-0: Foul Ball, location: 2F
0-1: Ball
1-1: Foul Ball, location: 2F
1-2: Ball
2-2: Ball
3-2: Base on Balls
Batting: RHB Gabriel Soto 0-0: Called Strike
0-1: Ball
1-1: Ball
2-1: Foul Ball, location: 2F
2-2: Foul Ball, location: 2F
2-2: Ball
3-2: Foul Ball, location: 2F
3-2: Strikes out swinging
Batting: SHB Thomas Simmons 0-0: Ball
1-0: Ball
2-0: Fly out, F9 (Flyball, 89XD)
Top of the 1st over - 0 run(s), 0 hit(s), 0 error(s), 1 left on base; Ohio State 0 - South Carolina 0
BOTTOM OF THE 1ST
South Carolina Gamecocks batting - Pitching for Ohio State Buckeyes : RHP Walt Davis
Pitching: RHP Walt Davis
Batting: RHB Clint Ratzlaff 0-0: Called Strike
0-1: Ground out 4-3 (Groundball, 4M)
Batting: RHB Fernando Pérez 0-0: Ball
1-0: DOUBLE (Line Drive, 9LS)
Batting: RHB Josh Baker 0-0: Ground out 4-3 (Groundball, 4)
Fernando Pérez to third
Batting: RHB Lewis Carter 0-0: Ball
1-0: Swinging Strike
1-1: Swinging Strike
1-2: Strikes out swinging
Bottom of the 1st over - 0 run(s), 1 hit(s), 0 error(s), 1 left on base; Ohio State 0 - South Carolina 0
TOP OF THE 2ND
Ohio State Buckeyes batting - Pitching for South Carolina Gamecocks : RHP Joseph Salinas
Batting: RHB Will Anderson 0-0: Ball
1-0: Foul Ball, location: 2F
1-1: Foul Ball, location: 2F
1-2: Ball
2-2: Ground out 5-3 (Groundball, 56S)
Batting: LHB Milo Glenn 0-0: SOLO HOME RUN (Line Drive, 9LD), Distance : 341 ft
Batting: RHB Javier Álvarez 0-0: Called Strike
0-1: Ground out 4-3 (Groundball, 4)
Batting: SHB Bill House 0-0: Ball
1-0: Fly out, F8 (Flyball, 78M)
Top of the 2nd over - 1 run(s), 1 hit(s), 0 error(s), 0 left on base; Ohio State 1 - South Carolina 0
BOTTOM OF THE 2ND
South Carolina Gamecocks batting - Pitching for Ohio State Buckeyes : RHP Walt Davis
Batting: LHB Pat Carroll 0-0: Ball
1-0: Foul Ball, location: 2F
1-1: Called Strike
1-2: Fly out, F7 (Flyball, 78XD)
Batting: LHB Chandler Pitts 0-0: Ball
1-0: Fly out, F9 (Flyball, 89S)
Batting: RHB Mike Wagner 0-0: Swinging Strike
0-1: Fly out, F9 (Line Drive, 9M)
Bottom of the 2nd over - 0 run(s), 0 hit(s), 0 error(s), 0 left on base; Ohio State 1 - South Carolina 0
TOP OF THE 3RD
Ohio State Buckeyes batting - Pitching for South Carolina Gamecocks : RHP Joseph Salinas
Batting: RHB John Robertson 0-0: Ground out 4-3 (Groundball, 4M)
Batting: LHB Joel Nelson 0-0: Called Strike
0-1: Foul Ball, location: 2F
0-2: Ball
1-2: Ball
2-2: Foul Ball, location: 2F
2-2: SINGLE (Groundball, 56D)
Batting: RHB Dan Rivera 0-0: Ball
1-0: Called Strike
1-1: Fly out, F9 (Flyball, 89M)
Batting: RHB Gabriel Soto 0-0: Called Strike
Joel Nelson is caught stealing 2nd base
Top of the 3rd over - 0 run(s), 1 hit(s), 0 error(s), 0 left on base; Ohio State 1 - South Carolina 0
BOTTOM OF THE 3RD
South Carolina Gamecocks batting - Pitching for Ohio State Buckeyes : RHP Walt Davis
Batting: RHB Sidney Smith 0-0: Foul Ball, location: 2F
0-1: Ball
1-1: Ball
2-1: Ball
3-1: Base on Balls
Batting: RHB Justin Chandler 0-0: Foul Ball, location: 2F
0-1: Ball
1-1: Foul Ball, location: 2F
1-2: Ground out 5-3 (Groundball, 5)
Sidney Smith to second
Batting: RHB Clint Ratzlaff 0-0: Fly out, F6 (Popup, 6M)
Batting: RHB Fernando Pérez 0-0: Ball
1-0: Swinging Strike
1-1: Foul Ball, location: 2F
1-2: Foul Ball, location: 2F
1-2: Foul Ball, location: 2F
1-2: Foul Ball, location: 2F
1-2: Strikes out swinging
Bottom of the 3rd over - 0 run(s), 0 hit(s), 0 error(s), 1 left on base; Ohio State 1 - South Carolina 0
TOP OF THE 4TH
Ohio State Buckeyes batting - Pitching for South Carolina Gamecocks : RHP Joseph Salinas
Batting: RHB Gabriel Soto 0-0: Foul Ball, location: 2F
0-1: Ball
1-1: Ball
2-1: Ground out 6-3 (Groundball, 6)
Batting: SHB Thomas Simmons 0-0: Called Strike
0-1: DOUBLE (Line Drive, 78D)
Batting: RHB Will Anderson 0-0: Swinging Strike
0-1: Ball
1-1: Called Strike
1-2: Ball
2-2: Reached on error, E6 (Groundball, 6)
Thomas Simmons to third
Batting: LHB Milo Glenn 0-0: Ball
1-0: SINGLE (Flyball, 8LS)
Thomas Simmons scores
Will Anderson to second
Batting: RHB Javier Álvarez 0-0: Called Strike
0-1: Called Strike
0-2: Ball
1-2: Grounds into double play, U6-3 (Groundball, 6)
Top of the 4th over - 1 run(s), 2 hit(s), 1 error(s), 1 left on base; Ohio State 2 - South Carolina 0
BOTTOM OF THE 4TH
South Carolina Gamecocks batting - Pitching for Ohio State Buckeyes : RHP Walt Davis
Batting: RHB Josh Baker 0-0: Swinging Strike
0-1: Called Strike
0-2: Strikes out swinging
Batting: RHB Lewis Carter 0-0: Ball
1-0: Called Strike
1-1: Ball
2-1: Ball
3-1: Called Strike
3-2: Strikes out swinging
Batting: LHB Pat Carroll 0-0: Ball
1-0: Foul Ball, location: 2F
1-1: Called Strike
1-2: Ball
2-2: Ball
3-2: Strikes out looking
Bottom of the 4th over - 0 run(s), 0 hit(s), 0 error(s), 0 left on base; Ohio State 2 - South Carolina 0
TOP OF THE 5TH
Ohio State Buckeyes batting - Pitching for South Carolina Gamecocks : RHP Joseph Salinas
Batting: SHB Bill House 0-0: Ground out 5-3 (Groundball, 5S)
Batting: RHB John Robertson 0-0: Fly out, F8 (Flyball, 8RM)
Batting: LHB Joel Nelson 0-0: Ball
1-0: Fly out, F8 (Flyball, 8RM)
Top of the 5th over - 0 run(s), 0 hit(s), 0 error(s), 0 left on base; Ohio State 2 - South Carolina 0
BOTTOM OF THE 5TH
South Carolina Gamecocks batting - Pitching for Ohio State Buckeyes : RHP Walt Davis
Batting: LHB Chandler Pitts 0-0: SINGLE (Line Drive, 6MD)
Batting: RHB Mike Wagner 0-0: Called Strike
0-1: Ball
1-1: Swinging Strike
1-2: Grounds into double play, 4-6-3 (Groundball, 4)
Batting: RHB Sidney Smith 0-0: Called Strike
0-1: Ground out 6-3 (Groundball, 6)
Bottom of the 5th over - 0 run(s), 1 hit(s), 0 error(s), 0 left on base; Ohio State 2 - South Carolina 0
TOP OF THE 6TH
Ohio State Buckeyes batting - Pitching for South Carolina Gamecocks : RHP Joseph Salinas
Batting: RHB Dan Rivera 0-0: Called Strike
0-1: Called Strike
0-2: Strikes out looking
Batting: RHB Gabriel Soto 0-0: Ball
1-0: Ground out 5-3 (Groundball, 5)
Batting: SHB Thomas Simmons 0-0: Foul Ball, location: 2F
0-1: Foul Ball, location: 2F
0-2: Ball
1-2: Strikes out swinging
Top of the 6th over - 0 run(s), 0 hit(s), 0 error(s), 0 left on base; Ohio State 2 - South Carolina 0
BOTTOM OF THE 6TH
South Carolina Gamecocks batting - Pitching for Ohio State Buckeyes : RHP Walt Davis
Batting: RHB Justin Chandler 0-0: Reached on error, E6 (Groundball, 6)
Batting: RHB Clint Ratzlaff 0-0: Ball
1-0: Called Strike
1-1: Ball
2-1: Grounds into double play, 6-4-3 (Groundball, 6)
Batting: RHB Fernando Pérez 0-0: Called Strike
0-1: Called Strike
0-2: Ball
1-2: Ground out 1-3 (Groundball, 23)
Bottom of the 6th over - 0 run(s), 0 hit(s), 1 error(s), 0 left on base; Ohio State 2 - South Carolina 0
TOP OF THE 7TH
Ohio State Buckeyes batting - Pitching for South Carolina Gamecocks : RHP Joseph Salinas
Batting: RHB Will Anderson 0-0: Ball
1-0: Fly out, F6 (Popup, 6)
Batting: LHB Milo Glenn 0-0: Ball
1-0: Foul Ball, location: 2F
1-1: Foul Ball, location: 2F
1-2: SOLO HOME RUN (Flyball, 9D), Distance : 365 ft
Batting: RHB Javier Álvarez 0-0: Ball
1-0: Foul Ball, location: 2F
1-1: Ball
2-1: Ground out 1-3 (Groundball, 13S)
Batting: SHB Bill House 0-0: Ball
1-0: Called Strike
1-1: Called Strike
1-2: Strikes out looking
Top of the 7th over - 1 run(s), 1 hit(s), 0 error(s), 0 left on base; Ohio State 3 - South Carolina 0
BOTTOM OF THE 7TH
South Carolina Gamecocks batting - Pitching for Ohio State Buckeyes : RHP Walt Davis
Batting: RHB Josh Baker 0-0: Called Strike
0-1: Ball
1-1: Ball
2-1: Foul Ball, location: 2F
2-2: Foul Ball, location: 2F
2-2: Foul Ball, location: 2F
2-2: Ball
3-2: Base on Balls
Batting: RHB Lewis Carter 0-0: Ball
1-0: Called Strike
1-1: Ball
Wild Pitch!
Josh Baker to second
2-1: Swinging Strike
2-2: Ground out 4-3 (Groundball, 34)
Josh Baker to third
Batting: LHB Pat Carroll 0-0: Swinging Strike
0-1: Swinging Strike
0-2: Strikes out swinging
Pitching: LHP Gonzalo Tobías
Batting: LHB Chandler Pitts 0-0: Ground out U3 (Groundball, 3L)
Bottom of the 7th over - 0 run(s), 0 hit(s), 0 error(s), 1 left on base; Ohio State 3 - South Carolina 0
TOP OF THE 8TH
Ohio State Buckeyes batting - Pitching for South Carolina Gamecocks : RHP Joseph Salinas
Pitching: RHP Bob Branch
Batting: RHB John Robertson 0-0: SINGLE (Groundball, 6D)
Batting: LHB Joel Nelson 0-0: Called Strike
0-1: Foul Ball, location: 2F
0-2: Strikes out swinging
Batting: RHB Dan Rivera 0-0: Ball
1-0: Ball
2-0: Grounds into double play, 5-4-3 (Groundball, 56)
Top of the 8th over - 0 run(s), 1 hit(s), 0 error(s), 0 left on base; Ohio State 3 - South Carolina 0
BOTTOM OF THE 8TH
South Carolina Gamecocks batting - Pitching for Ohio State Buckeyes : LHP Gonzalo Tobías
Now at SS: Bernard Farley
Batting: RHB Mike Wagner 0-0: Ball
1-0: Ball
2-0: Ball
3-0: Base on Balls
Pitching: LHP Monty Williams
Batting: RHB Sidney Smith 0-0: Ball
1-0: Ground out 4-3 (Groundball, 13)
Mike Wagner to second
Pitching: RHP Jacob Edwards
Batting: RHB Justin Chandler 0-0: Ball
1-0: Foul Ball, location: 2F
1-1: Ball
2-1: Foul Ball, location: 2F
2-2: Ball
3-2: Ground out 6-3 (Groundball, 6M)
Mike Wagner to third
Batting: RHB Clint Ratzlaff 0-0: Foul Ball, location: 2F
0-1: Ball
1-1: Foul Ball, location: 2F
1-2: Strikes out swinging
Bottom of the 8th over - 0 run(s), 0 hit(s), 0 error(s), 1 left on base; Ohio State 3 - South Carolina 0
TOP OF THE 9TH
Ohio State Buckeyes batting - Pitching for South Carolina Gamecocks : RHP Bob Branch
Batting: RHB Gabriel Soto 0-0: Ground out 4-3 (Groundball, 4)
Batting: SHB Thomas Simmons 0-0: Ball
1-0: Called Strike
1-1: Ball
2-1: Foul Ball, location: 2F
2-2: SINGLE (Groundball, 34D)
Batting: RHB Will Anderson 0-0: Ball
Thomas Simmons is caught stealing 2nd base
1-0: Called Strike
1-1: Swinging Strike
1-2: Foul Ball, location: 2F
1-2: Ball
2-2: Ball
3-2: Ground out 5-3 (Groundball, 5L)
Top of the 9th over - 0 run(s), 1 hit(s), 0 error(s), 0 left on base; Ohio State 3 - South Carolina 0
BOTTOM OF THE 9TH
South Carolina Gamecocks batting - Pitching for Ohio State Buckeyes : RHP Jacob Edwards
Pitching: RHP Don Feightner
Batting: RHB Fernando Pérez 0-0: Ball
1-0: Ground out 4-3 (Groundball, 4S)
Batting: RHB Josh Baker 0-0: Ball
1-0: Ball
2-0: Called Strike
2-1: Ball
3-1: Base on Balls
Batting: RHB Lewis Carter 0-0: Called Strike
0-1: Ball
1-1: Called Strike
1-2: Ball
2-2: Strikes out looking
Batting: LHB Pat Carroll 0-0: Called Strike
0-1: Ball
1-1: Foul Ball, location: 2F
1-2: Ball
2-2: Ground out 3-1 (Groundball, 34S)
Bottom of the 9th over - 0 run(s), 0 hit(s), 0 error(s), 1 left on base; Ohio State 3 - South Carolina 0
This league is powered by Out of the Park Baseball, the baseball management simulation game for PC, Mac and Linux
Tuesday, August 2nd, 2016 - OOTP Baseball 16.8 Build 38